 Dungeon Crawl Stone Soup version 0.30-a0-586-g23e55c9e0a (webtiles) character file.

Game seed: 9216815224619870412

42 Bnni the Vexing (level 3, -2/26 HPs)
             Began as a Formicid Hexslinger on Jan 3, 2023.
             Slain by a gnoll bouda
             ... wielding a +0 whip
              (6 damage)
             ... on level 1 of the Dungeon.
             The game lasted 00:02:51 (915 turns).

Bnni the Vexing (Formicid Hexslinger)                Turns: 915, Time: 00:02:52

Health: -2/26      AC:  3    Str: 14    XL:     3   Next: 77%
Magic:  0/5        EV: 11    Int: 14    God:
Gold:   54         SH:  6    Dex: 14    Spells: 1/5 levels left

rFire   . . .      SeeInvis +    a - +1 sling
rCold   . . .      Faith    .    f - +2 buckler
rNeg    . . .      Spirit   .    c - +0 robe
rPois   .          Reflect  .    (helmet unavailable)
rElec   .          Harm     .    (no cloak)
rCorr   .          Rampage  .    (no gloves)
Will    .....                    e - +0 pair of boots
Stlth   +                        (no amulet)
HPRegen 0.24/turn                (no ring)
MPRegen 0.09/turn                (no ring)

@: attractive
A: permanent stasis, dig shafts and tunnels, antennae 3, four strong arms
a: Dig, Shaft Self


You were on level 1 of the Dungeon.
You visited 1 branch of the dungeon, and saw 2 of its levels.

You collected 54 gold pieces.

Inventory:

Hand Weapons
 a - a +1 sling (weapon)
Armour
 c - a +0 robe (worn)
 e - a +0 pair of boots (worn)
 f - a +2 buckler (worn)
Jewellery
 k - a ring of resist corrosion
Scrolls
 b - a scroll of poison
 g - a scroll of amnesia {unknown}
 h - a scroll of vulnerability {unknown}
 j - a scroll of magic mapping {unknown}
Potions
 d - a potion of attraction
 i - a potion of cancellation
 l - a potion of mutation {unknown}


   Skills:
 + Level 1.4 Fighting
 * Level 2.4 Ranged Weapons
 - Level 1.7 Dodging
 + Level 0.7 Shields
 + Level 1.5 Spellcasting
 * Level 4.1 Hexes
 * Level 1.3 Fire Magic


You had one spell level left.
You knew the following spells:

 Your Spells              Type           Power      Damage    Failure   Level
a - Slow                  Hex            48%        N/A       6%          1
b - Inner Flame           Hex/Fire       8%         N/A       30%         3

Your spell library contained the following spells:

 Spells                   Type           Power      Damage    Failure   Level
 Portal Projectile        Hex/Tloc       12%        N/A       38%         3
 Cause Fear               Hex            6%         N/A       50%         4


Dungeon Overview and Level Annotations

Branches:
Dungeon (2/15)

Altars:

Shops:
D:1 *


Innate Abilities, Weirdness & Mutations

You cannot be hasted, slowed, berserked, paralysed or teleported.
You can dig through walls and to a lower floor.
You have a pair of large antennae on your head. (SInv)
Your four strong arms can wield two-handed weapons with a shield.


Message History

Aim: a gnoll bouda, wielding a +0 whip and wearing a +0 robe (moderately wounded, chance to affect: 46%)
The gnoll bouda resists with some effort.
You block the gnoll bouda's attack.
Casting: Slow (safe; 6% risk of failure)
Confirm with . or Enter, or press ? or * to list all spells.
Aiming: Slow (safe; 6% risk of failure)
Press: ? - help, Shift-Dir - straight line, f/p - gnoll bouda
Aim: a gnoll bouda, wielding a +0 whip and wearing a +0 robe (moderately wounded, chance to affect: 46%)
The gnoll bouda resists with some effort.
Your attacks no longer feel as feeble.
The gnoll bouda hits you with a +0 whip.
Casting: Slow (safe; 6% risk of failure)
Confirm with . or Enter, or press ? or * to list all spells.
Aiming: Slow (safe; 6% risk of failure)
Press: ? - help, Shift-Dir - straight line, f/p - gnoll bouda
Aim: a gnoll bouda, wielding a +0 whip and wearing a +0 robe (moderately wounded, chance to affect: 46%)
You miscast Slow.
You are very lightly contaminated with residual magic.
Nothing appears to happen.
The gnoll bouda hits you with a +0 whip.
You shoot a sling bullet. The sling bullet hits the gnoll bouda.
The gnoll bouda is moderately wounded.
The gnoll bouda hits you with a +0 whip!
* * * LOW HITPOINT WARNING * * *
Casting: Slow (safe; 6% risk of failure)
Confirm with . or Enter, or press ? or * to list all spells.
Aiming: Slow (safe; 6% risk of failure)
Press: ? - help, Shift-Dir - straight line, f/p - gnoll bouda
Aim: a gnoll bouda, wielding a +0 whip and wearing a +0 robe (moderately wounded, chance to affect: 46%)
The gnoll bouda resists with some effort.
The gnoll bouda hits you but does no damage.
Okay, then.
Unknown command.
It was a potion of cancellation.
You feel magically purged.
Your magical contamination has completely faded away.
The gnoll bouda barely misses you.
It was a potion of attraction.
You feel attractive to monsters.
The gnoll bouda hits you with a +0 whip.
You die...

#.##.#######.####### #.# ##..
#.##.# #.######## #.####...
#.##.#######........# #........
#.............#####.# #########
#.##.########.# #.# #..
........#.....# #.# #.#
.)..#...#.###.# #.# #.#
...#.#..#.# #.#####.# #.#
..#...#...###.>.@g..# #..
.#..∩..#..........### ###
..#...#..######...##############
...#.#...# #...(............#
....#....# #...############.#
.#..#.##.########.# #.#
.#.##.##.##.....(.# #.##
.........##.####### #...
.##########.# ####


You could see a gnoll bouda.

Vanquished Creatures
  A gnoll (D:2)
  2 dart slugs (D:2)
  3 bats (D:1)
  2 endoplasms
  2 giant cockroaches (D:1)
  4 goblins
  4 hobgoblins (D:1)
  4 ball pythons
  2 frilled lizards
  A kobold (D:1)
  2 rats
27 creatures vanquished.

Notes
Turn   | Place    | Note
-------+----------+-------------------------------------------
     0 | D:1      | Bnni the Formicid Hexslinger began the quest for the Orb.
     0 | D:1      | Reached XP level 1. HP: 15/15 MP: 2/2
   120 | D:1      | Reached XP level 2. HP: 21/21 MP: 3/3
   217 | D:1      | Reached skill level 1 in Fire Magic
   223 | D:1      | Found Vinair's Assorted Antiques.
   593 | D:1      | Reached XP level 3. HP: 26/26 MP: 5/5
   597 | D:1      | Learned a level 3 spell: Inner Flame
   768 | D:2      | Reached skill level 4 in Hexes
   915 | D:1      | Slain by a gnoll bouda

Illustrated notes

Levels and vault maps discovered:
D:1:      lightli_arrival_boilingwater, layout_loops_ring, serial_shops,
          nicolae_diamond_shop
D:2:      layout_loops_ring, uniq_sigmund, uniq_robin, uniq_jessica

Skill      XL: |  1  2  3 |
---------------+----------+-----
Fire Magic     | 1 |  1.3
Hexes          | 4 |  4.1
Fighting       | |  1.4
Ranged Weapons | |  2.4
Dodging        | |  1.7
Shields        | |  0.7
Spellcasting   | |  1.5

Action                   || total
-------------------------++-------
 Fire: Sling             ||    86
 Cast: Slow              ||     7
       Inner Flame       ||     1
  Use: Potion            ||     2
Armor: Robe              ||     7
Dodge: Dodged            ||    21
Block: Buckler           ||    19

Table legend: (Time is in decaauts)
 A = Elapsed time spent in this place.
 B = Non-inter-level travel time spent in this place.
 C = Inter-level travel time spent in this place.
 D = Time resting spent in this place.
 E = Time spent auto-exploring this place.
 F = Levels seen in this place.
 G = Mean time per level.
                   A        B        C        D        E       F      G
               +--------+--------+--------+--------+--------+-----+--------+
         Total |    949 |    896 |     53 |     49 |    619 |   2 |  474.5 |
       Dungeon |    949 |    896 |     53 |     49 |    619 |   2 |  474.5 |
               +--------+--------+--------+--------+--------+-----+--------+

Top non-repeatable levels by time:
     D:1: 852 daAuts
     D:2: 97 daAuts
